 Dungeon Crawl Stone Soup version 0.28.0-1-gb440e238dd (webtiles) character file.

Game seed: 3188659280285189862

5 spaghetti the Sneak (level 1, -5/21 HPs)
             Began as a Naga Delver on Feb 20, 2022.
             Slain by a black bear (7 damage)
             ... on level 5 of the Dungeon.
             The game lasted 00:00:37 (109 turns).

spaghetti the Sneak (Naga Delver)                    Turns: 109, Time: 00:00:37

Health: -5/21      AC:  1    Str: 14    XL:     1   Next: 80%
Magic:  1/1        EV:  9    Int: 10    God:
Gold:   19         SH:  0    Dex: 12    Spells: 0/0 levels left

rFire   . . .      SeeInvis +   a - +0 hand axe
rCold   . . .      Faith    .   (no shield)
rNeg    . . .      Spirit   .   b - +0 leather armour
rPois   +          Reflect  .   (no helmet)
rElec   .          Harm     .   (no cloak)
rCorr   .          Rampage  .   (no gloves)
Will    .....                   (no barding)
Stlth   +++.......              (no amulet)
HPRegen 0.07/turn               (no ring)
MPRegen 0.07/turn               (no ring)

@: short of breath, very slow
A: AC +0, large, see invisible, deformed body, poison resistance, slowness 2,
spit poison 1, naga tail 1
a: Spit Poison


You were on level 5 of the Dungeon.
You visited 1 branch of the dungeon, and saw 2 of its levels.

You collected 19 gold pieces.

Inventory:

Hand Weapons
 a - a +0 hand axe (weapon)
Armour
 b - a +0 leather armour (worn)
Wands
 g - a wand of digging (3)
Scrolls
 c - a scroll of fog
 d - a scroll of magic mapping
 i - a scroll of enchant weapon {unknown}
Potions
 f - a potion of haste


   Skills:
 + Level 3.1 Fighting
 + Level 2.1 Axes
 + Level 1.7 Dodging
 + Level 7.3 Stealth


You couldn't memorise any spells.
You didn't know any spells.
Your spell library was empty.

Dungeon Overview and Level Annotations

Branches:
Dungeon (6/15)
 Temple: D:4-7

Altars:


Innate Abilities, Weirdness & Mutations

Your serpentine skin is tough. (AC +0)
You have supernaturally acute eyesight. (SInv)
Armour fits poorly on your strangely shaped body.
Your system is resistant to poisons. (rPois)
You cover ground very slowly.
You can spit poison.
You have a snake-like lower body.


Message History

Aim: an ufetubus (wandering, hasn't noticed you, 31% to hit)
The splash of poison hits the ufetubus!
The ufetubus is poisoned.
You kill the ufetubus!
You start waiting.
You have got your breath back.
A black bear is nearby!
A black bear is nearby!
Aiming: Spit Poison (3% risk of failure)
Press: ? - help, Q - select action Shift-Dir - straight line, f - black bear
Aim: a black bear (wandering, hasn't noticed you, 65% to hit)
The splash of poison hits the black bear.
The black bear is lightly wounded.
The black bear growls angrily.
Okay, then.
Okay, then.
You have got your breath back.
Aiming: Spit Poison (3% risk of failure)
Press: ? - help, Q - select action Shift-Dir - straight line, f/p - black bear
Aim: a black bear (lightly wounded, 65% to hit)
The splash of poison misses the black bear.
You barely miss the black bear.
The black bear is lightly wounded.
The black bear barely misses you. The black bear claws you.
The black bear completely misses you.
You hit the black bear.
The black bear is moderately wounded.
You have got your breath back.
The black bear bites you. The black bear claws you. x2
The black bear bites you.
* * * LOW HITPOINT WARNING * * *
The black bear claws you.
* * * LOW HITPOINT WARNING * * *
The black bear claws you but does no damage.
Aiming: Spit Poison (3% risk of failure)
Press: ? - help, Q - select action Shift-Dir - straight line, f/p - black bear
Aim: a black bear (moderately wounded, 65% to hit)
The splash of poison hits the black bear.
The black bear is heavily wounded.
The black bear bites you!
You die...

#.# ## #.# . #.#
#. #.#
#.###.#######5
.####.............
..........>#######
.#.###.##h## #.
#@# #.##.#######
.. #.#........#
#.# #.#..#####.#
#.. #.#..#
#..##.#..#
...#.#..#####.##
#..............
##.#...#.#.####.#


You could see a black bear.

Vanquished Creatures
  An ufetubus (D:5)
1 creature vanquished.

Notes
Turn   | Place    | Note
-------+----------+-------------------------------------------
     0 | D:5      | spaghetti the Naga Delver began the quest for the Orb.
     0 | D:5      | Reached XP level 1. HP: 21/21 MP: 1/1
     1 | D:6      | Noticed a centaur
    56 | D:6      | HP: 1/21 [centaur/arrow (6)]
    60 | D:5      | Noticed a black bear
   109 | D:5      | Slain by a black bear

Illustrated notes

Levels and vault maps discovered:
D:5:      layout_basic, mainiacjoe_overflow_tiny_flanked,
          cheibrodos_sewer_entry_bend, uniq_crazy_yiuf_cottage
D:6:      layout_rooms, kennysheep_slug_shrine,
          nicolae_uskayaw_murder_on_the_dancefloor, gammafunk_ghost_split,
          sigmund_army

Action                   || total
-------------------------++-------
Melee: Hand axe          ||     2
 Abil: Spit Poison       ||     4
  Use: Potion            ||     2
       Scroll            ||     1
Armor: Leather armour    ||     1
Dodge: Dodged            ||     3
